 Dungeon Crawl Stone Soup version 0.30-a0-263-ge22c4ad894 (webtiles) character file.

Game seed: 3743006435177248196

16996 ragingrage the Grappler (level 12, -9/115 HPs)
             Began as a Troll Fighter on Oct 13, 2022.
             Was an Initiate of Ru.
             Mangled by Amaemon
             ... wielding a -2 demon whip of venom
              (17 damage)
             ... on level 1 of the Lair of Beasts.
             The game lasted 00:14:27 (11466 turns).

ragingrage the Grappler (Troll Fighter)            Turns: 11466, Time: 00:14:27

Health: -9/115     AC:  5    Str: 37    XL:     12   Next: 15%
Magic:  11/11      EV: 13    Int:  4    God:    Ru [......]
Gold:   756        SH: 10    Dex:  9    Spells: 11/11 levels left

rFire   . . .      SeeInvis .      - Unarmed
rCold   . . .      Faith    .    T - +1 kite shield
rNeg    . . .      Spirit   .    G - +0 steam dragon scales
rPois   .          Reflect  .    (helmet restricted)
rElec   .          Harm     .    p - scarf {repulsion}
rCorr   .          Rampage  .    (gloves unavailable)
Will    .....                    (boots unavailable)
Stlth   ..........               (no amulet)
HPRegen 1.19/turn                o - +4 ring of evasion
MPRegen 0.12/turn                d - +6 ring of strength

@: lethally poisoned (-9 -> -20), slowed, repel missiles, very slow
A: large, unfitting armour, claws 3, regeneration 1, shaggy fur 1, tough skin 1,
no stealth, deformed body, noise suppression
a: Renounce Religion


You were on level 1 of the Lair of Beasts.
You worshipped Ru.
Ru was noncommittal.
You visited 3 branches of the dungeon, and saw 15 of its levels.

You collected 861 gold pieces.
You spent 105 gold pieces at shops.

Inventory:

Hand Weapons
 b - a +4 scimitar of flaming
 J - a +6 vampiric trident
Missiles
 t - 38 poisoned darts (quivered)
 B - 2 boomerangs of dispersal
 C - 11 javelins
 F - 3 boomerangs
 M - a curare-tipped dart
Armour
 p - a scarf of repulsion (worn)
 G - +0 steam dragon scales (worn)
 K - a +0 robe of positive energy
 T - a +1 kite shield (worn)
Jewellery
 d - a +6 ring of strength (right claw)
 o - a +4 ring of evasion (left claw)
 O - a +6 ring of strength
 R - a ring of protection from cold
Wands
 v - a wand of polymorph (11)
 y - a wand of flame (23)
 H - a wand of charming (8)
 S - a wand of roots (5)
 U - a wand of digging (6)
Scrolls
 f - 4 scrolls of enchant armour
 h - 2 scrolls of vulnerability
 i - 2 scrolls of magic mapping {unknown}
 k - 3 scrolls of torment
 l - 4 scrolls of poison
 s - a scroll of silence {unknown}
 x - 2 scrolls of brand weapon
 z - a scroll of acquirement {unknown}
 A - 4 scrolls of fear
 D - 4 scrolls of teleportation
 E - 2 scrolls of summoning {unknown}
 L - 3 scrolls of blinking {unknown}
 N - 2 scrolls of identify
 P - 2 scrolls of noise {unknown}
 V - a scroll of butterflies {unknown}
Potions
 a - a potion of cancellation {unknown}
 c - 6 potions of might
 e - 5 potions of attraction
 g - 4 potions of mutation
 j - 2 potions of ambrosia
 m - a potion of flight {unknown}
 n - 2 potions of degeneration {unknown}
 q - 4 potions of curing {unknown}
 r - a potion of berserk rage {unknown}
 u - a potion of lignification {unknown}
 w - 2 potions of heal wounds {unknown}
 I - a potion of brilliance {unknown}
 Q - a potion of haste


   Skills:
 + Level 6.8 Fighting
 - Level 6.0 Throwing
 - Level 3.0 Armour
 - Level 5.0 Dodging
 + Level 7.5 Shields
 * Level 14.3 Unarmed Combat


You had 11 spell levels left.
You didn't know any spells.
Your spell library contained the following spells:

 Spells                   Type           Power      Damage    Failure   Level
 Apportation              Tloc           0%         N/A       75%         1
 Foxfire                  Conj/Fire      0%         2x1d4     75%         1
 Kiss of Death            Conj/Necr      0%         2d5       75%         1
 Call Canine Familiar     Summ           0%         N/A       98%         3
 Confusing Touch          Hex            0%         N/A       98%         3
 Dazzling Flash           Conj/Hex       0%         N/A       98%         3
 Portal Projectile        Hex/Tloc       0%         N/A       98%         3
 Animate Armour           Summ/Erth      0%         N/A       100%        4
 Dispel Undead            Necr           0%         3d6       100%        4
 Iskenderun's Mystic Bla  Conj/Tloc      0%         2d3       100%        4
 Leda's Liquefaction      Hex/Erth       0%         N/A       100%        4
 Alistair's Intoxication  Tmut/Pois      0%         N/A       100%        5
 Blade Hands              Tmut           0%         N/A       100%        5
 Fireball                 Conj/Fire      0%         3d3       100%        5
 Iron Shot                Conj/Erth      0%         9d1       100%        6
 Starburst                Conj/Fire      0%         6d3       100%        6


Dungeon Overview and Level Annotations

Branches:
Dungeon (13/15)            Temple (1/1) D:7            Lair (1/5) D:11
    Orc (0/2) D:12
 Vaults: D:13-14

Altars:
Ashenzari
Cheibriados
Dithmenos
Elyvilon
Fedhas
Gozag
Hepliaklqana
Kikubaaqudgha
Makhleb
Nemelex Xobeh
Okawaru
Qazlal
Ru
Sif Muna
Trog
Uskayaw
Vehumet
Wu Jian
Xom
Yredelemnul
Zin
The Shining One

Shops:
D:4 :   D:9 ?   D:12 :

Annotations:
D:9 2 transporters, gzilladon's ghost, novice GnFi
D:12 Rupert
D:13 exclusion: upstairs
Lair:1 Amaemon


Innate Abilities, Weirdness & Mutations

You are too large for most types of armour.
You have claws for hands.
Your natural rate of healing is unusually fast.
You are covered in fur. (AC +1)
You have tough skin. (AC +1)
You cannot be stealthy.
Armour fits poorly on your strangely shaped body.
You passively dampen the noise of your surroundings.


Message History

It was a potion of mutation.
You feel extremely strange.
You feel your surroundings grow quieter.
You feel weaker.
Your body twists and deforms.
You feel stronger.
You feel very sick. Amaemon misses you. You block Amaemon's attack.
Amaemon misses you. You block the orange demon's attack.
You barely miss Amaemon.
You feel very sick.
Amaemon gestures at the orange demon while chanting.
The orange demon seems to grow toxic.
You block the orange demon's attack.
You scratch Amaemon.
Amaemon is lightly wounded.
You feel very sick.
You block Amaemon's attack. x2; Amaemon closely misses you.
The orange demon stings you from afar!
You are more poisoned.
You have difficulty breathing.
You feel yourself slow down.
You mangle Amaemon!!
Amaemon is moderately wounded.
You feel very sick. You block Amaemon's attack. Amaemon closely misses you.
Amaemon tail-slaps you. The orange demon stings you from afar.
You are more poisoned.
You have difficulty breathing.
You feel as though you will be slow longer.
You barely miss Amaemon.
Amaemon is moderately wounded.
You feel very sick. You block Amaemon's attack. x2
Amaemon tail-slaps you but does no damage.
The orange demon stings you from afar!
* * * LOW HITPOINT WARNING * * *
You are more poisoned.
You have difficulty breathing.
* * * LOW HITPOINT WARNING * * *
You feel as though you will be slow longer.
The orange demon stings you from afar!
* * * LOW HITPOINT WARNING * * *
Amaemon hits you with a -2 demon whip of venom!
You die...

##..P# #####..# ##+###
..)....# #....##
.......# #....P#
.......## ###....#
........#####.+....#
.......#.#.#P.#....#
..............#....#
.......#######..@..#
..#.#### ###6### #..###
#.4# ##+#.#### #+.#
........# #.........#
........###P##........#
..........PP....$......#
......P..P...#........##
......PPPPPP..........#


You could see Amaemon and an orange demon (curare).

Vanquished Creatures
  Josephine (D:11)
  2 two-headed ogres
  A deep elf pyromancer (D:12)
  Pikel (D:6)
  An ugly thing (D:9)
  Joseph (D:7)
  2 unseen horrors
  A cane toad (Lair:1)
  2 komodo dragons
  Maggie (D:8)
  An efreet (D:13)
  4 trolls
  A hornet (D:9)
  5 slime creatures (D:12)
  A centaur simulacrum (D:13)
  A vampire (D:9)
  6 yaks
  2 shadows (D:10)
  5 wraiths
  A hog (shapeshifter) (D:13)
  3 wyverns
  A two-headed ogre zombie (D:12)
  A steam dragon (D:8)
  A naga (D:8)
  5 water moccasins
  Duvessa (D:4)
  4 orc warriors
  A black bear (D:5)
  3 ice beasts
  2 sky beasts
  3 ogres
  A black bear (shapeshifter) (D:11)
  3 centaurs
  A lemure (D:6)
  6 phantoms
  5 bullfrogs
  6 kobold brigands
  3 necrophages
  3 scorpions
  A gnoll sergeant (D:8)
  2 troll zombies (D:12)
  21 wights
  Dowan (D:4)
  7 killer bees
  4 howler monkeys
  2 jellies
  3 hounds
  7 orc priests
  2 gnoll boudas
  2 iguanas
  9 orc wizards
  5 ogre zombies (D:12)
  19 gnolls
  12 adders
  A shadow imp (D:8)
  4 white imps
  An ufetubus (D:5)
  4 worms
  2 dart slugs
  24 orcs
  4 ball pythons
  5 bats
  3 endoplasms
  3 giant cockroaches
  7 goblins
  8 hobgoblins
  22 kobolds
  7 quokkas
  A goblin skeleton (D:12)
  4 goblin zombies (D:12)
  4 hobgoblin zombies (D:12)
  An orc skeleton (D:12)
  15 orc zombies (D:12)
  8 rats
318 creatures vanquished.

Vanquished Creatures (others)
  A sky beast (D:6)
  A bullfrog (D:8)
  4 demonic plants (D:1)
  15 plants
  A withered plant (D:1)
22 creatures vanquished.

Grand Total: 340 creatures vanquished

Notes
Turn   | Place    | Note
-------+----------+-------------------------------------------
     0 | D:1      | ragingrage the Troll Fighter began the quest for the Orb.
     0 | D:1      | Reached XP level 1. HP: 22/22 MP: 0/0
   206 | D:1      | Reached XP level 2. HP: 29/29 MP: 1/1
   225 | D:1      | Found a faded altar of an unknown god.
   228 | D:1      | Reached skill level 3 in Unarmed Combat
   436 | D:2      | Reached XP level 3. HP: 36/36 MP: 2/2
   491 | D:2      | Reached skill level 4 in Unarmed Combat
   663 | D:2      | Reached XP level 4. HP: 44/44 MP: 3/3
  1141 | D:3      | Reached skill level 5 in Unarmed Combat
  1431 | D:3      | Reached XP level 5. HP: 50/50 MP: 4/4
  1749 | D:4      | Noticed a phantom
  1759 | D:4      | Killed a phantom
  1775 | D:4      | Reached skill level 6 in Unarmed Combat
  1793 | D:4      | Noticed Duvessa
  1794 | D:4      | Noticed Dowan
  1816 | D:4      | Killed Duvessa
  1817 | D:4      | Reached XP level 6. HP: 15/59 MP: 5/5
  1984 | D:4      | Killed Dowan
  1985 | D:4      | Reached skill level 7 in Unarmed Combat
  2300 | D:4      | Found a snail-covered altar of Cheibriados.
  2326 | D:4      | Identified the +4 ring mail of Soptyob {rF+}
  2511 | D:4      | Found a shimmering blue altar of Sif Muna.
  2514 | D:4      | Found a white marble altar of Elyvilon.
  2745 | D:4      | Found Iwir's Book Shoppe.
  2787 | D:4      | Reached XP level 7. HP: 66/66 MP: 6/6
  2975 | D:5      | Entered Level 5 of the Dungeon
  2988 | D:4      | Reached skill level 8 in Unarmed Combat
  3046 | D:5      | Reached skill level 9 in Unarmed Combat
  3097 | D:5      | Reached XP level 8. HP: 61/74 MP: 7/7
  3222 | D:5      | Found a glowing silver altar of Zin.
  3334 | D:5      | Reached skill level 10 in Unarmed Combat
  3384 | D:5      | Found a broken altar of Ashenzari.
  3505 | D:5      | Reached skill level 1 in Throwing
  3633 | D:6      | Reached skill level 1 in Armour
  3814 | D:6      | Noticed Pikel
  3835 | D:6      | Killed Pikel
  3836 | D:6      | Reached XP level 9. HP: 69/83 MP: 8/8
  4441 | D:6      | You fall into a shaft and drop 1 floor!
  4518 | D:7      | Reached skill level 11 in Unarmed Combat
  4544 | D:7      | Noticed Joseph
  4552 | D:7      | Killed Joseph
  4713 | D:7      | Found a staircase to the Ecumenical Temple.
  4722 | Temple   | Entered the Ecumenical Temple
  5225 | D:7      | Reached XP level 10. HP: 92/92 MP: 9/9
  5905 | D:8      | Noticed Maggie
  5978 | D:8      | Killed Maggie
  6272 | D:8      | Reached skill level 5 in Shields
  7069 | D:9      | Found Keloj's Magic Scroll Boutique.
  7074 | D:8      | Reached skill level 12 in Unarmed Combat
  7477 | D:8      | Reached skill level 5 in Fighting
  7477 | D:8      | Reached skill level 5 in Dodging
  7617 | D:9      | Bought a scroll of teleportation for 45 gold pieces
  7617 | D:9      | Bought a scroll of fear for 60 gold pieces
  7818 | D:9      | Noticed a two-headed ogre
  7827 | D:9      | Killed a two-headed ogre
  7828 | D:9      | Reached XP level 11. HP: 104/104 MP: 10/10
  7864 | D:9      | Reached skill level 5 in Throwing
  7982 | D:9      | Found a stormy altar of Qazlal.
  7986 | D:9      | Noticed a red ugly thing
  7992 | D:9      | Found a transporter.
  7993 | D:9      | Noticed gzilladon's ghost (novice GnFi)
  7999 | D:9      | Found a transporter.
  8114 | D:9      | Killed a red ugly thing
  8189 | D:9      | Found an ornate altar of the Wu Jian Council.
  8236 | D:9      | Reached skill level 13 in Unarmed Combat
  8452 | D:10     | Entered Level 10 of the Dungeon
  8777 | D:10     | Found a sacrificial altar of Ru.
  8790 | D:10     | Became a worshipper of Ru the Awakened
  9323 | D:10     | Found a hide-covered altar of Uskayaw.
  9737 | D:11     | Noticed Urug
  9781 | D:11     | Urug changed into Urug the shapeshifter
  9781 | D:11     | Noticed Urug
  9782 | D:11     | Urug the shapeshifter changed into Urug the black bear
  9782 | D:11     | Noticed Urug (shapeshifter)
  9785 | D:11     | Killed Urug the black bear
  9912 | D:11     | Gained mutation: You cannot be stealthy. [Ru sacrifice]
  9989 | D:11     | Found a staircase to the Lair.
 10350 | D:12     | Noticed Josephine
 10410 | D:11     | Killed Josephine
 10431 | D:12     | Noticed a two-headed ogre
 10440 | D:12     | Killed a two-headed ogre
 10574 | D:12     | Found a staircase to the Orcish Mines.
 10671 | D:12     | Noticed a deep elf pyromancer
 10683 | D:12     | Killed a deep elf pyromancer
 10684 | D:12     | Reached skill level 14 in Unarmed Combat
 10684 | D:12     | Reached XP level 12. HP: 58/115 MP: 11/11
 10771 | D:12     | Found Upuumicuer's Book Shop.
 10915 | D:12     | Noticed Rupert
 11159 | Lair:1   | Entered Level 1 of the Lair of Beasts
 11451 | Lair:1   | Noticed Amaemon
 11462 | Lair:1   | Gained mutation: You passively dampen the noise of your
                  | surroundings. [potion of mutation]
 11462 | Lair:1   | Gained mutation: You are weak. (Str -2) [potion of
                  | mutation]
 11462 | Lair:1   | Gained mutation: Armour fits poorly on your strangely
                  | shaped body. [potion of mutation]
 11462 | Lair:1   | Lost mutation: You are weak. (Str -2) [potion of mutation]
 11466 | Lair:1   | Mangled by Amaemon

Illustrated notes

Levels and vault maps discovered:
D:1:      giann_forest_graveyard, layout_basic, shapermc_ecumenical_altar_gd,
          serial_park_tiny_pond
D:2:      layout_rooms, hangedman_decor_opposing
D:3:      layout_loops_corners
D:4:      layout_loops_corners, mainiacjoe_overflow_big_doors,
          old_standard_altar, serial_shops, nicolae_lakefront_shop,
          skrybe_limestone_x, hangedman_glass_teeth, kennysheep_generic_room_11,
          uniq_duvessa
D:5:      layout_rooms, kennysheep_little_box, mainiacjoe_overflow_brackets
D:6:      kb_forest_paths, layout_loops_ring, uniq_pikel
D:7:      layout_loops_corners, minmay_temple_entry_offerings, uniq_joseph
D:8:      layout_rooms, serial_corexii_hall, corexii_hall_statues_s,
          corexii_hall_statues_x, nicolae_zen_rock_garden, uniq_maggie
D:9:      layout_gridville, mainiacjoe_overflow_tiny_flanked,
          nzn_wu_jian_contemplation, serial_shops, nicolae_stop_n_shop_2,
          gammafunk_ghost_hive, kennysheep_diamond, minmay_alternating_orb
D:10:     layout_stronghold, lemuel_coloured_pillars_altar,
          nicolae_overflow_crystal_walls
D:11:     layout_irregular_city, david_lair_shrubbed, patterned_corridor,
          uniq_urug
D:12:     layout_basic, zombieorc2_lemuel, serial_shops, shop_coins,
          dreamdust_wishing_well, uniq_rupert, uniq_josephine
D:13:     layout_roguey, serial_corexii_hall, chequers_hall_statues_wall_a,
          chequers_hall_statues_corner_a, uniq_kirke, uniq_erolcha
Temple:   oiseaux_autumnal_temple
Lair:1:   layout_roguey, serial_forest, infiniplex_forest_clump_small,
          infiniplex_forest_lined_2, infiniplex_forest_clump_C,
          infiniplex_forest_lined_corner, infiniplex_forest_lined_4_way,
          infiniplex_forest_pool, infiniplex_forest_zigzag_1, uniq_amaemon

Skill      XL: |  1  2  3  4  5  6  7  8  9 10 11 |
---------------+----------------------------------+-----
Unarmed Combat | 3 4 5 6 7 9 10 11 12 14 | 14.3
Throwing       | 2 3 4 6 |  6.0
Shields        | 3 4 5 7 |  7.5
Armour         | 2 3 |  3.0
Fighting       | 3 4 5 6 |  6.8
Dodging        | 3 4 5 |  5.0

Action                   |  1- 3 |  4- 6 |  7- 9 | 10-12 || total
-------------------------+-------+-------+-------+-------++-------
Melee: Unarmed           |    71 |   108 |   282 |   535 ||   996
Throw: Throwing net      |       |     1 |       |       ||     1
       Dart              |       |       |       |    13 ||    13
       Javelin           |       |       |       |     5 ||     5
Invok: Sacrifice Stealth |       |       |       |     1 ||     1
Evoke: Wand              |       |       |       |    19 ||    19
  Use: Scroll            |       |       |       |     9 ||     9
       Potion            |       |       |       |     2 ||     2
Armor: Robe              |    25 |    19 |    28 |     2 ||    74
       Steam dragon scal |       |       |       |   121 ||   121
Dodge: Dodged            |    27 |    26 |   146 |   365 ||   564
       Repelled          |       |       |     1 |     5 ||     6
Block: Kite shield       |    25 |    33 |    72 |   307 ||   437

Table legend: (Time is in decaauts)
 A = Elapsed time spent in this place.
 B = Non-inter-level travel time spent in this place.
 C = Inter-level travel time spent in this place.
 D = Time resting spent in this place.
 E = Time spent auto-exploring this place.
 F = Levels seen in this place.
 G = Mean time per level.
                   A        B        C        D        E       F      G
               +--------+--------+--------+--------+--------+-----+--------+
         Total |  11431 |  10811 |    620 |   1293 |   7037 |  15 |  762.1 |
       Dungeon |  10826 |  10241 |    585 |   1257 |   6562 |  13 |  832.8 |
        Temple |    299 |    265 |     34 |      0 |    251 |   1 |  299.0 |
          Lair |    305 |    305 |      0 |     36 |    224 |   1 |  305.0 |
               +--------+--------+--------+--------+--------+-----+--------+

Top non-repeatable levels by time:
     D:7: 1460 daAuts
     D:8: 1182 daAuts
     D:4: 1079 daAuts
     D:3: 1033 daAuts
     D:9: 998 daAuts
    D:10: 992 daAuts
    D:11: 940 daAuts
     D:6: 898 daAuts
    D:12: 570 daAuts
     D:5: 564 daAuts
     D:2: 496 daAuts
     D:1: 425 daAuts
  Lair:1: 305 daAuts
  Temple: 299 daAuts
    D:13: 183 daAuts
